 Dungeon Crawl Stone Soup version 0.28.0-53-g5a82cb258f (webtiles) character file.

Game seed: 320129483721272927

6222 Eitelfritz the Cleaver (level 10, -3/88 HPs)
             Began as a Hill Orc Fighter on Aug 6, 2022.
             Was the Champion of Uskayaw.
             Slain by an orc warrior
             ... wielding a +0 broad axe
              (13 damage)
             ... on level 10 of the Dungeon.
             The game lasted 00:23:32 (10344 turns).

Eitelfritz the Cleaver (Hill Orc Fighter)          Turns: 10344, Time: 00:23:33

Health: -3/88      AC:  9    Str: 24    XL:     10   Next: 92%
Magic:  15/15      EV: 11    Int:  8    God:    Uskayaw [******]
Gold:   444        SH:  7    Dex: 10    Spells: 9/9 levels left

rFire   + . .      SeeInvis .   a - +1 war axe
rCold   . . .      Faith    .   e - +2 buckler
rNeg    . . .      Spirit   .   P - quicksilver dragon scales
rPois   .          Reflect  .   r - +0 helmet
rElec   .          Harm     .   t - +0 cloak
rCorr   .          Rampage  .   L - +1 pair of gloves
Will    +....                   (no boots)
Stlth   +.........              i - amulet of regeneration
HPRegen 1.04/turn               C - ring of flight
MPRegen 0.14/turn               E - ring of protection from fire

@: corroded, flying
A: no striking features
a: Renounce Religion, Stomp, Line Pass, Grand Finale


You were on level 10 of the Dungeon.
You worshipped Uskayaw.
Uskayaw was noncommittal.
You visited 2 branches of the dungeon, and saw 11 of its levels.
You also visited: Sewer.

You collected 444 gold pieces.

Inventory:

Hand Weapons
 a - a +1 war axe (weapon)
 b - a +0 hunting sling
 x - a +0 flail
Missiles
 f - 77 bolts
 h - 11 poisoned darts (quivered)
 l - a throwing net
 M - 28 sling bullets
Armour
 e - a +2 buckler (worn)
 r - a +0 helmet (worn)
 t - a +0 cloak (worn)
 u - a +2 chain mail of fire resistance
 w - a +5 plate armour
 L - a +1 pair of gloves (worn)
 P - quicksilver dragon scales (worn)
Jewellery
 i - an amulet of regeneration (around neck)
 n - an amulet of the acrobat
 y - a ring of protection from cold
 z - a +6 ring of intelligence
 C - a ring of flight (left hand)
 E - a ring of protection from fire (right hand)
 N - a ring of ice
Wands
 q - a wand of mindburst (4)
 v - a wand of digging (7)
 G - a wand of polymorph (6)
Scrolls
 g - 4 scrolls of teleportation
 k - 5 scrolls of blinking
 B - 2 scrolls of identify
 K - a scroll of amnesia
 Q - a scroll of holy word {unknown}
 R - a scroll of vulnerability {unknown}
 S - a scroll of brand weapon {unknown}
Potions
 c - 2 potions of ambrosia
 d - 3 potions of curing
 j - 3 potions of heal wounds
 m - a potion of mutation
 o - 2 potions of flight
 p - 3 potions of lignification {unknown}
 s - 2 potions of attraction
 A - 2 potions of invisibility
 D - 3 potions of cancellation {unknown}
 F - a potion of degeneration {unknown}
 H - a potion of experience {unknown}
 I - a potion of might
 J - a potion of magic {unknown}
 O - a potion of berserk rage {unknown}
 U - a potion of brilliance {unknown}
Miscellaneous
 T - a box of beasts


   Skills:
 + Level 8.1 Fighting
 + Level 12.3 Axes
 + Level 3.0 Slings
 + Level 7.4 Armour
 + Level 2.5 Dodging
 + Level 3.3 Stealth
 + Level 6.2 Shields
 * Level 7.9 Invocations


You had 9 spell levels left.
You didn't know any spells.
Your spell library contained the following spells:

 Spells                   Type           Power      Damage    Failure   Level
 Animate Skeleton         Necr           0%         N/A       63%         1
 Pain                     Necr           0%         1d4       63%         1
 Sting                    Tmut/Pois      0%         1d3       63%         1
 Blink                    Tloc           0%         N/A       77%         2
 Poisonous Vapours        Pois/Air       0%         N/A       77%         2
 Conjure Flame            Conj/Fire      0%         6-21      94%         3
 Ignite Poison            Fire/Tmut/Pois 0%         N/A       94%         3
 Lesser Beckoning         Tloc           0%         N/A       94%         3
 Vampiric Draining        Necr           0%         2d6       94%         3
 Olgreb's Toxic Radiance  Pois           0%         N/A       100%        4
 Sticky Flame             Conj/Fire      0%         2d3       100%        4
 Summon Lightning Spire   Summ/Air       0%         N/A       100%        4
 Manifold Assault         Tloc           0%         N/A       100%        5
 Ozocubu's Refrigeration  Ice            0%         4d5       100%        7
 Storm Form               Tmut/Air       0%         N/A       100%        7
 Ignition                 Fire           0%         3d3       100%        8
 Maxwell's Capacitive Co  Air            0%         ∞         100%        8


Dungeon Overview and Level Annotations

Branches:
Dungeon (10/15)            Temple (1/1) D:6            Lair (0/6) D:9
    Orc (0/2) D:10          Sewer (visited)

Altars:
Ashenzari
Cheibriados
Dithmenos
Elyvilon
Fedhas
Gozag
Hepliaklqana
Kikubaaqudgha
Makhleb
Okawaru
Sif Muna
Trog
Uskayaw
Vehumet
Wu Jian
Xom
Yredelemnul
Zin
The Shining One

Shops:
D:9 [   D:10 [


Message History

The orc warrior is severely wounded.
You barely miss the orc. You slash the orc!
You kill the orc!
You hit the orc warrior. You slash the acid dragon!
The orc hits you but does no damage. The acid dragon spits acid at you.
The splash of acid hits you! The acid corrodes you!
The orc warrior closely misses you.
The orc warrior hits you but does no damage.
An orc warrior comes into view. It is wielding a +0 glaive.
You hear a shout!
You hear a horrible gurgling sound!
You hear a shout!
You closely miss the orc warrior.
The orc warrior is severely wounded.
You closely miss the acid dragon.
You hit the orc warrior but do no damage.
You hit the orc. The orc barely misses you.
The acid dragon bites you but does no damage.
The acid dragon claws you.
The orc warrior jeers loudly.
The orc warrior hits you with a +0 broad axe!
The orc warrior hits you with a +0 halberd!
You hit the orc warrior but do no damage.
The orc warrior is severely wounded.
You hit the orc but do no damage. You slash the orc warrior!
You barely miss the acid dragon. The orc hits you with a +0 hand axe.
The acid dragon bites you. You block the acid dragon's attack.
The orc warrior hits you with a +0 broad axe!
The orc warrior hits you but does no damage.
You hit the orc warrior but do no damage.
The orc warrior is severely wounded.
You hit the orc. You hit the orc warrior. You hit the acid dragon.
The orc barely misses you. The acid dragon spits acid at you.
The splash of acid hits you!
* * * LOW HITPOINT WARNING * * *
The acid corrodes you!
The orc warrior hits you with a +0 halberd!
* * * LOW HITPOINT WARNING * * *
The orc warrior hits you with a +0 broad axe!
You die...

>.∩.........
..$....... #
........#.#
)......#.#
......?.
#...#.####
.#####Doo......
......o@)#.###.
.######<....<.#
##†#.#)## .# #
.# .# .# ##


You could see 2 orc warriors, an acid dragon (catching breath) and an orc.

Vanquished Creatures
  A death yak (D:9)
  Sigmund (D:6)
  3 yaks (D:10)
  6 humans (D:9)
  Pargi (Sewer)
  Duvessa (D:4)
  2 sky beasts
  A black bear (D:6)
  5 orc warriors
  2 hornet zombies (D:6)
  2 necrophages (D:6)
  4 ogres
  3 centaurs
  2 scorpions
  2 bullfrogs (D:9)
  2 wyvern zombies
  A water moccasin skeleton (D:6)
  Dowan (D:4)
  9 killer bees (D:9)
  4 wights
  A howler monkey (D:5)
  3 centaur zombies (D:6)
  A human zombie (D:6)
  A bullfrog zombie (D:6)
  2 hounds
  A gnoll shaman (D:9)
  2 jellies (D:6)
  Crazy Yiuf (D:4)
  2 orc priests
  2 centaur skeletons (D:7)
  An iguana (D:5)
  10 orc wizards
  Natasha (thrice) (D:2)
  3 hell rats (D:9)
  A killer bee zombie (D:6)
  4 mummies (D:6)
  2 howler monkey zombies
  Robin (D:3)
  11 gnolls
  9 adders
  A shadow imp (D:6)
  2 white imps
  2 ufetubi
  3 dart slugs (D:1)
  23 orcs
  9 ball pythons
  6 endoplasms
  A giant cockroach (D:4)
  19 goblins
  5 hobgoblins
  10 jackals
  3 kobolds
  5 quokkas
  A bat (D:3)
  7 frilled lizards
  4 rats
215 creatures vanquished.

Vanquished Creatures (others)
  39 plants (D:4)
39 creatures vanquished.

Grand Total: 254 creatures vanquished

Notes
Turn   | Place    | Note
-------+----------+-------------------------------------------
     0 | D:1      | Eitelfritz the Hill Orc Fighter began the quest for the
                  | Orb.
     0 | D:1      | Reached XP level 1. HP: 19/19 MP: 1/1
   186 | D:1      | Reached XP level 2. HP: 24/27 MP: 2/2
   416 | D:1      | Reached skill level 3 in Axes
   607 | D:1      | Reached XP level 3. HP: 33/33 MP: 3/3
  1250 | D:2      | Noticed Natasha
  1256 | D:2      | Killed Natasha
  1257 | D:2      | Reached XP level 4. HP: 41/41 MP: 4/4
  1258 | D:2      | Found a faded altar of an unknown god.
  1348 | D:2      | Noticed Natasha
  1364 | D:2      | Killed Natasha
  1365 | D:2      | Reached skill level 4 in Axes
  1666 | D:2      | Noticed Natasha
  1676 | D:2      | Killed Natasha
  1677 | D:2      | Reached XP level 5. HP: 42/47 MP: 5/5
  1781 | D:3      | Noticed Robin
  1802 | D:3      | Killed Robin
  2362 | D:3      | Found a glowing silver altar of Zin.
  2455 | D:3      | Found a hazy altar of Hepliaklqana.
  2739 | D:4      | Reached skill level 5 in Axes
  2931 | D:4      | Found a runed translucent door.
  2932 | D:4      | Noticed Crazy Yiuf
  3190 | D:4      | Found an iron altar of Okawaru.
  3242 | D:4      | Reached skill level 1 in Slings
  3242 | D:4      | Reached XP level 6. HP: 19/53 MP: 6/6
  4020 | D:4      | Noticed Duvessa
  4020 | D:4      | Noticed Dowan
  4028 | D:4      | Killed Duvessa
  4029 | D:4      | Reached skill level 5 in Fighting
  4029 | D:4      | Reached skill level 5 in Armour
  4029 | D:4      | Reached XP level 7. HP: 54/61 MP: 7/7
  4044 | D:4      | Killed Dowan
  4045 | D:4      | Reached skill level 6 in Axes
  4045 | D:4      | Reached skill level 1 in Dodging
  4350 | D:4      | Killed Crazy Yiuf
  4446 | D:5      | Entered Level 5 of the Dungeon
  4493 | D:4      | Reached skill level 7 in Axes
  4678 | D:5      | Reached XP level 8. HP: 50/68 MP: 8/8
  4844 | D:5      | Reached skill level 8 in Axes
  5169 | D:5      | Found a hide-covered altar of Uskayaw.
  5173 | D:5      | Became a worshipper of Uskayaw the Reveller
  5241 | D:5      | Reached * piety under Uskayaw
  5243 | D:5      | Reached ** piety under Uskayaw
  5658 | D:6      | Reached skill level 1 in Invocations
  5713 | D:6      | Reached *** piety under Uskayaw
  5742 | D:6      | Noticed Sigmund
  5752 | D:6      | Killed Sigmund
  5802 | D:6      | Found a staircase to the Ecumenical Temple.
  5822 | D:6      | Reached skill level 9 in Axes
  5822 | D:6      | Reached skill level 1 in Stealth
  5952 | D:6      | Reached **** piety under Uskayaw
  6057 | D:6      | Reached XP level 9. HP: 11/75 MP: 11/11
  6065 | D:6      | Reached skill level 5 in Shields
  6156 | D:6      | Found a glowing drain.
  6161 | Sewer    | Entered a sewer
  6250 | Sewer    | Noticed Pargi
  6296 | Sewer    | Killed Pargi
  6594 | D:6      | Reached skill level 10 in Axes
  7024 | D:6      | Found a basalt altar of Yredelemnul.
  7068 | D:6      | Reached ***** piety under Uskayaw
  7133 | Temple   | Entered the Ecumenical Temple
  7985 | D:7      | Reached skill level 5 in Invocations
  8062 | D:7      | Reached skill level 11 in Axes
  8568 | D:8      | Reached XP level 10. HP: 86/86 MP: 14/14
  8717 | D:8      | Identified the +3 rapier of the Sage {flame, Int+2}
  9370 | D:9      | Noticed a death yak
  9378 | D:9      | Noticed a death yak
  9381 | D:9      | Noticed a death yak
  9453 | D:9      | Found Xyklits's Armour Emporium.
  9610 | D:9      | Reached ****** piety under Uskayaw
  9633 | D:9      | Killed a death yak
  9634 | D:9      | Reached skill level 12 in Axes
  9803 | D:9      | Found a staircase to the Lair.
 10320 | D:10     | Entered Level 10 of the Dungeon
 10332 | D:10     | Found Ytzuavast's Armour Boutique.
 10332 | D:10     | Found a staircase to the Orcish Mines.
 10344 | D:10     | Slain by an orc warrior

Illustrated notes

Levels and vault maps discovered:
D:1:      eino_arrival_cavern_e, layout_loops_ring
D:2:      layout_rooms, shapermc_ecumenical_altar_mp_highgroup,
          grunt_decor_resistance, uniq_natasha
D:3:      layout_loops_corners, mainiacjoe_overflow_six_doors_small,
          marbit_many_paths, uniq_robin
D:4:      layout_basic, mainiacjoe_overflow_paths, chequers_avenue,
          minmay_misc_feat_rows, serial_bayou_lagoon_a, uniq_crazy_yiuf_cottage,
          uniq_duvessa
D:5:      layout_basic, mainiacjoe_overflow_alcove_4
D:6:      kennysheep_six_static_rooms, layout_loops_corners,
          lemuel_mausoleum_altar_yredelemnul, temple_fountains,
          portal_sewer_entry_e, uniq_sigmund
D:7:      layout_loops_cross
D:8:      layout_gridville
D:9:      layout_irregular_city, dpeg_lair_monsters, serial_shops, shop,
          hangedman_abyss_or_decor_jellyfish_corner, nrook_pool_corridor,
          minmay_ruffians
D:10:     layout_loops_ring, mainiacjoe_overflow_large_starburst,
          nicolae_ru_sacrificial_ziggurat, orc_david_3
Temple:   eino_temple_water

Skill      XL: |  1  2  3  4  5  6  7  8  9 10 |
---------------+-------------------------------+-----
Axes           | 3 4 5 7 9 11 12 | 12.3
Fighting       | 4 5 6 7 8 |  8.1
Shields        | 4 5 6 |  6.2
Armour         | 4 5 6 7 |  7.4
Slings         | 1 2 3 |  3.0
Dodging        | 1 2 |  2.5
Invocations    | 3 6 7 |  7.9
Stealth        | 1 3 |  3.3

Action                   |  1- 3 |  4- 6 |  7- 9 | 10-12 || total
-------------------------+-------+-------+-------+-------++-------
Melee: War axe           |    72 |   122 |   373 |   165 ||   732
 Fire: Hunting sling     |    11 |    16 |    47 |     5 ||    79
  Use: Potion            |       |     3 |     1 |     2 ||     6
       Scroll            |       |       |    14 |       ||    14
 Stab: Paralysed         |       |       |    10 |    19 ||    29
Armor: Scale mail        |    22 |    44 |       |       ||    66
       Plate armour      |       |     7 |    52 |       ||    59
       Chain mail        |       |       |   176 |    16 ||   192
       Quicksilver drago |       |       |       |    75 ||    75
Dodge: Dodged            |    24 |    50 |   131 |    92 ||   297
Block: Buckler           |    33 |    46 |   118 |    72 ||   269
